 Dungeon Crawl Stone Soup version 0.18.0-1-g0107ab7 (webtiles) character file.

81 Wooh the Slasher (level 4, 0/31 HPs)
             Began as a High Elf Fighter on May 5, 2016.
             Killed from afar by sergedm's ghost (6 damage)
             ... with a magic dart
             ... on level 3 of the Dungeon.
             The game lasted 00:04:47 (1862 turns).

Wooh the Slasher (High Elf Fighter)                 Turns: 1862, Time: 00:04:48

Health: 0/31       AC:  6    Str: 15    XL:     4   Next: 20%
Magic:  5/5        EV:  6    Int: 11    God:
Gold:   139        SH:  9    Dex: 16    Spells: 0 memorised, 3 levels left

rFire  . . .     SeeInvis .     a - +0 long sword
rCold  . . .     Gourm    .     b - +0 scale mail
rNeg   . . .     Faith    .     c - +0 shield
rPois  .         Spirit   .     (no helmet)
rElec  .         Dismiss  .     (no cloak)
rCorr  .         Reflect  .     (no gloves)
SustAt .         Harm     .     (no boots)
MR     .....                    p - amulet of inaccuracy (curse)
Stlth  ..........               (no ring)
                                (no ring)

@: not resistant to hostile enchantments, extremely unstealthy
A: no striking features
a: no special abilities


You were on level 3 of the Dungeon.
You were very hungry.

You visited 1 branch of the dungeon, and saw 3 of its levels.

You collected 139 gold pieces.

Inventory:

Hand Weapons
 a - a +0 long sword (weapon)
Missiles
 h - 44 arrows
Armour
 b - a +0 scale mail (worn)
 c - a +0 shield (worn)
 l - a +0 chain mail
Jewellery
 p - a cursed amulet of inaccuracy (around neck)
 q - an uncursed ring of positive energy {unknown}
Scrolls
 e - 2 scrolls of blinking {unknown}
 g - 2 scrolls of noise {unknown}
 i - 3 scrolls of amnesia {unknown}
 j - 3 scrolls of identify {unknown}
 k - 2 scrolls of enchant weapon {unknown}
 o - 3 scrolls of fear {unknown}
 r - a scroll of enchant armour {unknown}
 s - a scroll of fog {unknown}
 t - a scroll of remove curse {unknown}
Potions
 d - a potion of might
 m - a potion of haste {unknown}
Comestibles
 f - 3 bread rations
 n - a beef jerky


   Skills:
 - Level 3.0 Fighting
 + Level 5.4 Long Blades
 - Level 2.6 Armour
 - Level 2.6 Shields


You had 3 spell levels left.
You didn't know any spells.

Dungeon Overview and Level Annotations

Branches:
Dungeon (3/15)

Altars:
Ashenzari
Fedhas
Pakellas

Shops:
D:2 }

Annotations:
D:2 exclusion: oklob plant
D:3 sergedm's ghost, amateur DECj


Message History

Sergedm's ghost is moderately damaged.
You block sergedm's ghost's attack.
Your shield prevents you from hitting sergedm's ghost.
Sergedm's ghost is moderately damaged.
Sergedm's ghost laughs crazily.
Sergedm's ghost casts a spell at you. The magic dart hits you!
Your shield and scale mail prevent you from hitting sergedm's ghost.
Sergedm's ghost is moderately damaged.
Sergedm's ghost gestures at you while chanting.
The magic dart hits you!
Sergedm's ghost hits you but does no damage.
Sergedm's ghost gestures at you while chanting.
The magic dart hits you! Sergedm's ghost casts a spell at you.
The magic dart hits you!
* * * LOW HITPOINT WARNING * * *
Sergedm's ghost casts a spell at you. The magic dart hits you!
You die...

#...# #.....#
#...W...#
##.## #.....#
#.#. #.#
#.....# #.#.##
#.# #.....#
#.#..# #.#
####### #.##.#
# ###.####
#W##.##.#
#......#
#.......#
#.#.##.##
#########W####
#.#.....#
#....@....#
#.####..#
#.#########
#.......####.#
#######.....(#
########


You could see sergedm's ghost.

Vanquished Creatures
  Jessica (D:2)
  An adder (D:2)
  An ooze (D:2)
  A dart slug (D:1)
  2 giant geckos
  2 giant cockroaches
  5 goblins (D:1)
  6 hobgoblins
  3 jackals (D:1)
  A quokka (D:2)
  8 bats
  3 giant newts
  A kobold (D:2)
  A rat (D:1)
36 creatures vanquished.

Notes
Turn   | Place    | Note
--------------------------------------------------------------
     0 | D:1      | Wooh the High Elf Fighter began the quest for the Orb.
     0 | D:1      | Reached XP level 1. HP: 16/16 MP: 2/2
    52 | D:1      | Reached skill level 3 in Long Blades
   220 | D:1      | Reached XP level 2. HP: 21/21 MP: 3/3
   409 | D:1      | Reached skill level 4 in Long Blades
   803 | D:2      | Reached XP level 3. HP: 26/26 MP: 4/4
   836 | D:2      | Found an oddly glowing altar of Pakellas.
   836 | D:2      | Found Pakellas's Prime Provisions.
   855 | D:2      | Found a shattered altar of Ashenzari.
  1362 | D:2      | Noticed Jessica
  1374 | D:2      | Killed Jessica
  1374 | D:2      | Reached skill level 5 in Long Blades
  1374 | D:2      | Reached XP level 4. HP: 11/31 MP: 5/5
  1591 | D:2      | Found a blossoming altar of Fedhas.
  1611 | D:2      | Noticed an oklob plant
  1837 | D:3      | Noticed sergedm's ghost (amateur DECj)
  1862 | D:3      | Killed from afar by sergedm's ghost

Skill      XL: |  1  2  3 |
---------------+----------+-----
Long Blades    | 3 4 5 |  5.4
Fighting       | |  3.0
Armour         | |  2.6
Shields        | |  2.6

Action                   |  1- 3 |  4- 6 || total
-------------------------+-------+-------++-------
Melee: Long sword        |   153 |    32 ||   185
  Use: Potion            |     1 |       ||     1
  Eat: Chunk             |     2 |       ||     2
Armor: Scale mail        |   111 |     7 ||   118
Dodge: Dodged            |    55 |    10 ||    65
Block: Shield            |    97 |    14 ||   111
